 Dungeon Crawl Stone Soup version 0.31-a0-207-g184df878d8 (webtiles) character file.

Game seed: 2552838081699325736

85 Ijustatesigmund the Stinger (level 4, -12/29 HPs)
             Began as an Octopode Venom Mage on June 28, 2023.
             Killed by divine providence
             ... invoked by an orc priest
              (16 damage)
             ... on level 3 of the Dungeon.
             The game lasted 00:04:02 (1987 turns).

Ijustatesigmund the Stinger (Octopode Venom Mage)   Turns: 1987, Time: 00:04:04

Health: -12/29     AC:  5    Str:  7    XL:     4   Next: 48%
Magic:  2/7        EV: 13    Int: 19    God:
Gold:   130        SH:  0    Dex: 12    Spells: 2/8 levels left

rFire   . . .        c - +2 dagger (venom)
rCold   . . .        (no shield)
rNeg    . . .        (helmet restricted)
rPois   .            (no amulet)
rElec   .            e - +4 ring of protection
rCorr   .            (no ring)
SInv    .            (no ring)
Will    .....        (no ring)
Stlth   +++          (no ring)
HPRegen 0.24/turn    (no ring)
MPRegen 0.10/turn    (no ring)
                     (no ring)

%: no passive effects
@: about to teleport
A: almost no armour, amphibious, 8 rings, camouflage 1, gelatinous body 1,
(nimble swimmer 1), tentacles, MP-powered wands
a: no special abilities


You were on level 3 of the Dungeon.
You visited 1 branch of the dungeon, and saw 3 of its levels.

You collected 130 gold pieces.

Inventory:

Hand Weapons
 c - a +2 dagger of venom (weapon)
Jewellery
 e - a +4 ring of protection (left tentacle)
Wands
 f - a wand of polymorph (9)
Scrolls
 b - 2 scrolls of teleportation
Potions
 a - a potion of magic
 d - a potion of haste
 l - 3 potions of brilliance


   Skills:
 + Level 2.0 Fighting
 - Level 2.0 Dodging
 - Level 2.6 Stealth
 + Level 2.6 Spellcasting
 + Level 0.0 Conjurations
 - Level 1.0 Transmutations
 + Level 1.4 Air Magic
 + Level 4.4 Poison Magic


You had 2 spell levels left.
You knew the following spells:

 Your Spells              Type           Power      Damage    Failure   Level
a - Sting                 Tmut/Pois      48%        1d5       5%          1
b - Poisonous Vapours     Pois/Air       26%        N/A       7%          2
c - Mephitic Cloud        Conj/Pois/Air  10%        N/A       22%         3

Your spell library contained the following spells:

 Spells                   Type           Power      Damage    Failure   Level
 Olgreb's Toxic Radiance  Pois           19%        N/A       26%         4


Dungeon Overview and Level Annotations

Branches:
Dungeon (3/15)

Altars:

Shops:
D:1 [   D:2 [

Annotations:
D:3 2 transporters, confidenceinterval's ghost, amateur DsNe


Innate Abilities, Weirdness & Mutations

You cannot wear most types of armour.
You are amphibious.
You can wear up to eight rings at the same time.
Your skin changes colour to match your surroundings (Stealth+).
Your rubbery body absorbs attacks. (AC +1, EV +1)
((You are camouflaged when in or above water. (Stealth+)))
You have tentacles for arms and can constrict up to eight enemies at once.
You expend magic power (3 MP) to strengthen your wands.


Message History

An orc priest comes into view. It is wielding a +0 dagger.
The orc priest hits you with a +0 short sword.
An orc priest comes into view. It is wielding a +0 club.
You closely miss the orc priest.
The orc priest shouts! x2
Your grab misses the orc priest. Your squeeze misses the orc priest.
The orc priest is heavily wounded.
The orc priest casts a cantrip, but nothing happens.
An orc comes into view. It is wielding a +0 mace.
The orc priest looks braver for a moment.
As you read the scroll of teleportation, it crumbles to dust.
You feel strangely unstable.
The orc priest hits you with a +0 short sword.
The orc priest calls upon Beogh to heal the orc priest.
The orc priest is healed somewhat.
The orc closely misses you.
You completely miss the orc priest.
The orc shouts!
You grab the orc priest.
The orc priest is lightly wounded.
You constrict the orc priest, but do no damage.
The orc priest closely misses you.
The orc priest looks braver for a moment.
The orc priest invokes the aid of Beogh against you.
Beogh smites you! The orc misses you.
You hit the orc priest.
The orc priest looks as sick as possible!
The orc priest is moderately wounded.
You constrict the orc priest, but do no damage.
The orc priest hits you but does no damage.
The orc hits you with a +0 flail.
* * * LOW HITPOINT WARNING * * *
Okay, then.
You hit the orc priest.
The orc priest looks as sick as possible!
The orc priest is moderately wounded.
You constrict the orc priest, but do no damage.
The orc priest mumbles some strange prayers to Beogh against you.
Beogh smites you!
Ouch! That really hurt!
You die...

##.>..# #.#
#.####.#.#
#.#
#........#
#.#
######.###
#.# ##'##
#.# ##...##
##.....##
##.......##
#......@..#
+.....oo..+
#.........#
##...o...##
##...o.##
##...##
#.o. #..#


You could see 3 orc priests and 2 orcs.

Vanquished Creatures
  2 adders (D:2)
  3 dart slugs (D:2)
  3 orcs (D:2)
  7 ball pythons
  3 endoplasms
  5 giant cockroaches (D:1)
  8 goblins
  5 hobgoblins
  4 jackals (D:1)
  4 quokkas
  4 bats
  2 frilled lizards (D:2)
  A rat (D:1)
51 creatures vanquished.

Notes
Turn   | Place    | Note
-------+----------+-------------------------------------------
     0 | D:1      | Ijustatesigmund the Octopode Venom Mage began the quest for
                  | the Orb.
     0 | D:1      | Reached XP level 1. HP: 11/11 MP: 3/3
   122 | D:1      | Found a faded altar of an unknown god.
   172 | D:1      | Reached XP level 2. HP: 17/18 MP: 5/5
   175 | D:1      | Learned a level 2 spell: Poisonous Vapours
   287 | D:1      | Reached skill level 1 in Fighting
   535 | D:1      | Reached skill level 4 in Poison Magic
   708 | D:1      | Found Koewky Zasess's Antique Armour Boutique.
   748 | D:1      | Reached XP level 3. HP: 23/23 MP: 6/6
   852 | D:2      | Reached skill level 1 in Air Magic
  1177 | D:2      | Found Viozxaph's Antique Armour Emporium.
  1184 | D:2      | Reached XP level 4. HP: 24/29 MP: 4/7
  1872 | D:3      | Learned a level 3 spell: Mephitic Cloud
  1876 | D:3      | Found a transporter.
  1882 | D:3      | Noticed confidenceinterval's ghost (amateur DsNe)
  1918 | D:3      | Found a transporter.
  1980 | D:3      | Gained mutation: You expend magic power (3 MP) to
                  | strengthen your wands. [potion of mutation]
  1987 | D:3      | Killed from afar by an orc priest

Illustrated notes

Levels and vault maps discovered:
D:1:      enne_arrival_octagon_isle, layout_loops_ring,
          shapermc_ecumenical_altar_acropolis, serial_shops,
          nicolae_shop_tiny_waterfront
D:2:      layout_rooms, serial_shops, nicolae_shop_hallway_plus, hex_tiny,
          kennysheep_cluttered_room, guppyfry_early_orc_mine
D:3:      layout_loops_corners, lemuel_tele_altar,
          gammafunk_ghost_gnarly_gnolls, uniq_robin

Skill      XL: |  1  2  3  4 |
---------------+-------------+-----
Fighting       | 1 2 |  2.0
Poison Magic   | 4 |  4.4
Air Magic      | 1 |  1.4
Dodging        | |  2.0
Stealth        | |  2.6
Spellcasting   | |  2.6
Transmutations | |  1.0

Action                     |  1- 3 |  4- 6 || total
---------------------------+-------+-------++-------
  Melee: Unarmed           |    27 |       ||    27
         Constrict         |    21 |    10 ||    31
         Tentacles         |    13 |     5 ||    18
         Short sword       |    44 |    25 ||    69
         Punch             |     1 |       ||     1
         Dagger            |       |     4 ||     4
   Cast: Poisonous Vapours |    16 |    12 ||    28
         Sting             |     3 |       ||     3
  Evoke: Wand              |       |     1 ||     1
    Use: Scroll            |     6 |     3 ||     9
         Potion            |       |     3 ||     3
   Stab: Sleeping          |     6 |       ||     6
         Distracted        |       |     1 ||     1
 Armour: Skin              |    16 |    10 ||    26
  Dodge: Dodged            |    60 |    17 ||    77

Table legend: (Time is in decaauts)
 A = Elapsed time spent in this place.
 B = Non-inter-level travel time spent in this place.
 C = Inter-level travel time spent in this place.
 D = Time resting spent in this place.
 E = Time spent auto-exploring this place.
 F = Levels seen in this place.
 G = Mean time per level.
                   A        B        C        D        E       F      G
               +--------+--------+--------+--------+--------+-----+--------+
         Total |   1985 |   1961 |     24 |    189 |   1421 |   3 |  661.7 |
       Dungeon |   1985 |   1961 |     24 |    189 |   1421 |   3 |  661.7 |
               +--------+--------+--------+--------+--------+-----+--------+

Top non-repeatable levels by time:
     D:2: 892 daAuts
     D:1: 810 daAuts
     D:3: 282 daAuts
